 Dungeon Crawl Stone Soup version 0.20-a0-544-g2b9a704 (webtiles) character file.

3056 Kidiri the Thaumaturge (level 9, -1/49 HPs)
             Began as a Deep Elf Fire Elementalist on Jan 31, 2017.
             Was a Follower of Vehumet.
             Killed by divine providence
             ... invoked by an orc priest
              (16 damage)
             ... on level 8 of the Dungeon.
             The game lasted 00:20:09 (7181 turns).

Kidiri the Thaumaturge (Deep Elf Fire Elementalist) Turns: 7181, Time: 00:20:10

Health: -1/49      AC:  6    Str: 10    XL:     9   Next: 57%
Magic:  10/26      EV: 14    Int: 24    God:    Vehumet [*.....]
Gold:   376        SH:  0    Dex: 15    Spells: 11/30 levels left

rFire    . . .     SeeInvis .   w - +2 dagger (drain)
rCold    . . .     Gourm    .   v - +2 robe of Divine Compulsion {rN+}
rNeg     + . .     Faith    .   (no shield)
rPois    +         Spirit   .   (helmet restricted)
rElec    .         Reflect  .   B - +0 cloak
rCorr    .         Harm     .   i - +0 pair of gloves
MR       .....                  (no boots)
Stlth    ++........             (no amulet)
Regen    0.2/turn               n - +5 ring of slaying
                                e - +5 ring of strength

@: very slightly contaminated
A: horns 1, poison resistance, wild magic 1, evolution 1, sturdy frame 1
a: Renounce Religion


You were on level 8 of the Dungeon.
You worshipped Vehumet.
Vehumet was aware of your devotion.
You were not hungry.

You visited 2 branches of the dungeon, and saw 9 of its levels.

You collected 484 gold pieces.
You spent 108 gold pieces at shops.

Inventory:

Hand Weapons
 w - a +2 dagger of draining (weapon)
Armour
 a - a +0 robe
 i - a +0 pair of gloves (worn)
 v - the +2 robe of Divine Compulsion (worn) {rN+}
   (You bought it in a shop on level 7 of the Dungeon)

   It protects you from negative energy.
 B - a +0 cloak (worn)
Jewellery
 e - a +5 ring of strength (left hand)
 k - an uncursed ring of see invisible
 n - a +5 ring of slaying (right hand)
 o - an uncursed ring of protection from magic
 y - an uncursed ring of teleportation
Wands
 b - a wand of lightning (10/15)
 g - a wand of confusion (32/48)
Scrolls
 m - 3 scrolls of teleportation
 q - 3 scrolls of remove curse
 A - a scroll of acquirement {unknown}
Potions
 d - 3 potions of haste
 f - 2 potions of invisibility
 j - a potion of curing
 l - 4 potions of heal wounds {unknown}
 p - a potion of might {unknown}
 r - a potion of cancellation {unknown}
 t - 3 potions of flight {unknown}
 u - 2 potions of mutation {unknown}
 z - a potion of magic {unknown}
Comestibles
 c - 3 bread rations
 x - 2 meat rations


   Skills:
 + Level 2.6 Fighting
 + Level 2.7 Short Blades
 + Level 2.5 Armour
 + Level 4.1 Dodging
 - Level 2.4 Stealth
 * Level 11.0 Spellcasting
 + Level 5.7 Conjurations
 + Level 7.0 Fire Magic
 + Level 3.3 Evocations


You had 11 spell levels left.
You knew the following spells:

 Your Spells              Type           Power        Failure   Level  Hunger
a - Flame Tongue          Conj/Fire      #####        1%          1    None
b - Throw Flame           Conj/Fire      ######       1%          2    None
c - Conjure Flame         Conj/Fire      ######..     1%          3    None
d - Inner Flame           Hex/Fire       #####...     6%          3    None
e - Sticky Flame          Conj/Fire      ######..     6%          4    None
f - Fireball              Conj/Fire      ######....   17%         5    ####...
g - Shock                 Conj/Air       ####         2%          1    None


Dungeon Overview and Level Annotations

Branches:
Dungeon (8/15)             Temple (1/1) D:4
   Lair: D:8-11

Altars:
Ashenzari
Cheibriados
Dithmenos
Elyvilon
Fedhas
Gozag
Hepliaklqana
Kikubaaqudgha
Nemelex Xobeh
Okawaru
Qazlal
Ru
Sif Muna
Trog
Uskayaw
Vehumet
Xom
Yredelemnul
Zin
The Shining One

Shops:
D:5 (   D:6 :   D:7 [


Innate Abilities, Weirdness & Mutations

You have a pair of small horns on your head.
Your system is resistant to poisons. (rPois)
Your spells are a little harder to cast, but a little more powerful.
You evolve.
Your movements are slightly less encumbered by armour. (ER -2)


Message History

Aim: a hippogriff (lightly wounded)
The sticky flame hits the hippogriff.
The hippogriff is moderately wounded.
The hippogriff is covered in liquid flames!
The hippogriff burns!
The hippogriff bites you!
The hippogriff pecks you but does no damage.
The hippogriff claws you.
* * * LOW HITPOINT WARNING * * *
The hippogriff burns!
An orc comes into view. It is wielding a flail.
The hippogriff burns!
An orc priest comes into view. It is wielding a hand axe.
The orc shouts!
The hippogriff burns!
The orc priest moves out of view.
An orc priest comes into view. It is wielding a dagger.
The orc priest shouts!
The hippogriff burns!
The orc priest calls down the wrath of Beogh upon you.
Beogh smites you!
You die...

#........ ...##
##........ #
....###......... ##.
#...#.......... ####$.
#..............
......####.......<......
........#...............
o.......................
o...o..@.H...)..........
..........5.....#.......
..............####.....†
..............# #####..
...............# #.
.........$.....# .
................#
.....##..>..###..


You could see a hippogriff (burning), 2 orc priests, a crimson imp and an orc.

Vanquished Creatures
  A two-headed ogre (D:8)
  3 orc warriors
  A sky beast (D:7)
  2 black bears (D:7)
  2 ice beasts (D:7)
  3 ogres
  A centaur (D:7)
  3 bullfrogs
  A big kobold (D:7)
  Blork the orc (D:4)
  A scorpion (D:4)
  5 killer bees (D:7)
  4 wights (D:7)
  A crimson imp (D:7)
  Crazy Yiuf (D:5)
  3 hounds
  2 orc wizards
  2 orc priests (D:7)
  A jelly (D:7)
  Terence (D:2)
  2 worker ants
  2 hound skeletons
  5 gnolls
  6 adders
  A shadow imp (D:6)
  An ooze (D:3)
  An adder zombie (D:6)
  2 adder skeletons
  2 dart slugs
  3 worms
  8 leopard geckos
  14 orcs
  11 bats
  4 giant cockroaches
  9 goblins
  5 hobgoblins
  4 jackals
  12 kobolds
  2 quokkas
  3 ball pythons
  6 frilled lizards
  A leopard gecko skeleton (D:4)
  5 rats
148 creatures vanquished.

Notes
Turn   | Place    | Note
-------+----------+-------------------------------------------
     0 | D:1      | Kidiri the Deep Elf Fire Elementalist began the quest for the Orb.
     0 | D:1      | Reached XP level 1. HP: 10/10 MP: 6/6
    35 | D:1      | Reached XP level 2. HP: 15/15 MP: 0/8
   157 | D:1      | Reached skill level 4 in Spellcasting
   215 | D:1      | Learned a level 2 spell: Throw Flame
   516 | D:1      | Reached XP level 3. HP: 19/19 MP: 7/10
   521 | D:1      | Learned a level 3 spell: Conjure Flame
   525 | D:1      | Learned a level 3 spell: Inner Flame
   669 | D:1      | Found an iron altar of Okawaru.
  1086 | D:2      | Noticed Terence
  1093 | D:2      | Killed Terence
  1093 | D:2      | Reached skill level 5 in Spellcasting
  1093 | D:2      | Reached XP level 4. HP: 13/24 MP: 2/13
  1151 | D:2      | Learned a level 4 spell: Sticky Flame
  1815 | D:3      | Found a hazy altar of Hepliaklqana.
  2220 | D:3      | Reached XP level 5. HP: 28/28 MP: 15/15
  2263 | D:3      | Reached skill level 6 in Spellcasting
  2840 | D:4      | Found a staircase to the Ecumenical Temple.
  2846 | Temple   | Entered the Ecumenical Temple
  2936 | Temple   | Became a worshipper of Vehumet
  3099 | D:4      | Reached XP level 6. HP: 32/32 MP: 12/17
  3106 | D:4      | Learned a level 5 spell: Fireball
  3182 | D:4      | Noticed Blork the orc
  3188 | D:4      | Killed Blork the orc
  3188 | D:4      | Reached skill level 7 in Spellcasting
  3358 | D:4      | Found a glowing golden altar of the Shining One.
  3358 | D:4      | Found a bloodstained altar of Trog.
  3424 | D:4      | Reached skill level 5 in Fire Magic
  3557 | D:5      | Entered Level 5 of the Dungeon
  3606 | D:5      | Found Mose's Antique Weapon Boutique.
  3684 | D:5      | Found a runed door.
  4337 | D:5      | Noticed Crazy Yiuf
  4344 | D:5      | Killed Crazy Yiuf
  4344 | D:5      | Reached XP level 7. HP: 36/36 MP: 11/20
  4502 | D:6      | Found Deybbife's Book Shoppe.
  4525 | D:6      | Reached skill level 8 in Spellcasting
  4527 | D:6      | Found a shimmering altar of Xom.
  4528 | D:6      | Found a shimmering altar of Xom.
  4541 | D:6      | Found a shimmering altar of Xom.
  4936 | D:6      | Found a stormy altar of Qazlal.
  4964 | D:6      | Reached skill level 9 in Spellcasting
  5369 | D:6      | Found a shimmering altar of Xom.
  5372 | D:6      | Found a shimmering altar of Xom.
  5372 | D:6      | Found a shimmering altar of Xom.
  5624 | D:6      | Reached XP level 8. HP: 41/41 MP: 3/23
  5812 | D:7      | Reached * piety under Vehumet
  5812 | D:7      | Offered knowledge of Shock by Vehumet.
  5815 | D:7      | Learned a level 1 spell: Shock
  5815 | D:7      | Found Urieddir's Antique Armour Shop.
  5837 | D:7      | Bought a twisted robe for 108 gold pieces
  5847 | D:7      | Identified the +2 robe of Divine Compulsion {rN+} (You bought it in a shop on level 7 of the Dungeon)
  5940 | D:7      | Reached skill level 1 in Short Blades
  5940 | D:7      | Reached skill level 1 in Evocations
  5947 | D:7      | Found a snail-covered altar of Cheibriados.
  5997 | D:7      | Reached skill level 1 in Armour
  5997 | D:7      | Reached skill level 5 in Conjurations
  6170 | D:7      | Reached skill level 1 in Fighting
  6278 | D:7      | Reached skill level 10 in Spellcasting
  6443 | D:7      | Gained mutation: Your movements are slightly less encumbered by armour. (ER -2) [mutagenic meat]
  6444 | D:7      | Gained mutation: You have a pair of small horns on your head. [mutagenic meat]
  6445 | D:7      | Gained mutation: Your spells are a little harder to cast, but a little more powerful. [mutagenic meat]
  6446 | D:7      | Gained mutation: Your system is resistant to poisons. (rPois) [mutagenic meat]
  6448 | D:7      | Gained mutation: You evolve. [mutagenic meat]
  6510 | D:7      | Reached XP level 9. HP: 17/48 MP: 6/25
  7160 | D:8      | Noticed a two-headed ogre
  7175 | D:8      | Killed a two-headed ogre
  7175 | D:8      | Reached skill level 11 in Spellcasting
  7181 | D:8      | Killed from afar by an orc priest

Vault maps used:
D:1:      minmay_arrival_up_and_down, chequers_big_river,
          okawaru_ov_weapons_minmay
D:2:      uniq_terence
D:3:      nicolae_overflow_hidden_temple
D:4:      gammafunk_temple_overflow_wave, minmay_temple_entry_hall,
          uniq_blork_the_orc
D:5:      serial_shops, shop, first_bread, serial_bayou_ford_a,
          minmay_misc_feat_plants, kennysheep_generic_room_5,
          uniq_crazy_yiuf_cottage
D:6:      lemuel_doored_altar, serial_shops, shop,
          hangedman_abyss_or_decor_stagger, xom_redecorated
D:7:      basic_altar, serial_shops, nicolae_shop_stone
Temple:   lightli_temple_of_artemis

Skill      XL: |  1  2  3  4  5  6  7  8  9 |
---------------+----------------------------+-----
Spellcasting   | 4 5 6 7 9 10 11 | 11.0
Conjurations   | 2 3 4 5 |  5.7
Fire Magic     | 4 5 6 7 |  7.0
Short Blades   | 2 |  2.7
Dodging        | 3 4 |  4.1
Evocations     | 2 3 |  3.3
Armour         | 1 2 |  2.5
Fighting       | 1 2 |  2.6
Stealth        | |  2.4

Action                   |  1- 3 |  4- 6 |  7- 9 || total
-------------------------+-------+-------+-------++-------
Melee: Dagger            |     5 |    23 |     5 ||    33
 Cast: Flame Tongue      |    34 |    61 |    67 ||   162
       Throw Flame       |     6 |    45 |    32 ||    83
       Inner Flame       |     1 |     2 |     2 ||     5
       Conjure Flame     |     1 |     2 |     2 ||     5
       Sticky Flame      |       |     2 |    16 ||    18
       Fireball          |       |       |     5 ||     5
       Shock             |       |       |     7 ||     7
  Use: Scroll            |     2 |     7 |     1 ||    10
       Potion            |       |       |     1 ||     1
 Stab: Sleeping          |     3 |     4 |       ||     7
       Distracted        |     1 |       |       ||     1
  Eat: Chunk             |       |    10 |    15 ||    25
       Fruit             |       |       |     5 ||     5
Armor: Robe              |       |    10 |     8 ||    18
Dodge: Dodged            |     8 |    29 |    53 ||    90
